 Dungeon Crawl Stone Soup version 0.30.1-3-gfc49f6343a (webtiles) character file.

Game seed: 12780055369734105941

4967 cdecastro the Placeless Armataur (level 10, -7/78 HPs)
             Began as an Armataur Warper on July 26, 2023.
             Was a Priest of Okawaru.
             Mangled by a two-headed ogre
             ... wielding a +0 giant spiked club
              (23 damage)
             ... on level 9 of the Dungeon.
             The game lasted 00:32:41 (11404 turns).

cdecastro the Placeless Armataur (Armataur Warper) Turns: 11404, Time: 00:32:42

Health: -7/78      AC: 11    Str: 20    XL:     10   Next: 28%
Magic:  3/17       EV: 14    Int: 15    God:    Okawaru [***...]
Gold:   247        SH:  0    Dex:  9    Spells: 3/18 levels left

rFire   . . .        K - +1 morningstar
rCold   . . .        (no shield)
rNeg    . . .        b - +0 leather armour
rPois   .            (no helmet)
rElec   .            n - +2 cloak
rCorr   .            (no gloves)
SInv    .            (no barding)
Will    .....        (no amulet)
Stlth   +            h - +5 ring of evasion
HPRegen 0.33/turn    g - +4 ring of protection
MPRegen 0.15/turn

%: roll
@: about to teleport
A: large, rugged brown scales 3, deformed body, armoured tail, roll, long
tongue, awkward tongue
a: Renounce Religion, Heroism


You were on level 9 of the Dungeon.
You worshipped Okawaru.
Okawaru was most pleased with you.
You visited 2 branches of the dungeon, and saw 10 of its levels.

You collected 374 gold pieces.
You spent 127 gold pieces at shops.

Inventory:

Hand Weapons
 K - a +1 morningstar (weapon)
Missiles
 d - 7 boomerangs of dispersal
 p - 16 poisoned darts (quivered)
 q - 5 silver boomerangs
 C - 6 atropa-tipped darts
 M - 2 throwing nets
Armour
 b - a +0 leather armour (worn)
 n - a +2 cloak (worn)
 E - a +2 chain mail of fire resistance
Jewellery
 e - a ring of fire
 g - a +4 ring of protection (right hand)
 h - a +5 ring of evasion (left hand)
 i - a ring of wizardry
 v - a ring of willpower
 A - a ring of fire
Wands
 F - a wand of digging (4)
 H - a wand of flame (34)
 J - a wand of mindburst (11)
 L - a wand of paralysis (8)
Scrolls
 c - a scroll of blinking
 j - a scroll of amnesia
 l - 2 scrolls of summoning
 s - a scroll of immolation {unknown}
 u - 2 scrolls of magic mapping
 w - 2 scrolls of poison
 x - 4 scrolls of teleportation
 y - a scroll of enchant armour {unknown}
 B - 3 scrolls of noise {unknown}
 D - a scroll of torment {unknown}
 G - 8 scrolls of identify
 I - a scroll of vulnerability {unknown}
Potions
 a - a potion of might
 f - 2 potions of mutation {unknown}
 k - a potion of magic {unknown}
 o - a potion of cancellation
 t - 3 potions of haste {unknown}
 z - 4 potions of curing


   Skills:
 - Level 1.7 Fighting
 - Level 10.0 Maces & Flails
 - Level 0.8 Throwing
 - Level 1.2 Armour
 - Level 1.3 Dodging
 + Level 4.8 Spellcasting
 - Level 10.0 Translocations


You had 3 spell levels left.
You knew the following spells:

 Your Spells              Type           Power      Damage    Failure   Level
a - Blink                 Tloc           66%        N/A       1%          2
b - Teleport Other        Tloc           33%        N/A       1%          3
c - Manifold Assault      Tloc           33%        N/A       3%          4
d - Vhi's Electric Charg  Tloc/Air       36%        N/A       8%          3
e - Volatile Blastmotes   Fire/Tloc      36%        2d13      8%          3

Your spell library contained the following spells:

 Spells                   Type           Power      Damage    Failure   Level
 Lesser Beckoning         Tloc           66%        N/A       1%          2
 Slow                     Hex            12%        N/A       21%         1
 Confusing Touch          Hex            3%         N/A       52%         3
 Dazzling Flash           Conj/Hex       6%         N/A       52%         3
 Vampiric Draining        Necr           3%         2d6       52%         3
 Iskenderun's Mystic Bla  Conj/Tloc      18%        2d6       26%         4
 Starburst                Conj/Fire      1%         6d3       100%        6


Dungeon Overview and Level Annotations

Branches:
Dungeon (9/15)             Temple (1/1) D:7
   Lair: D:8-11         Orc: D:9-12

Altars:
Ashenzari
Dithmenos
Elyvilon
Fedhas
Gozag
Hepliaklqana
Kikubaaqudgha
Makhleb
Nemelex Xobeh
Okawaru
Qazlal
Ru
Sif Muna
Trog
Uskayaw
Vehumet
Wu Jian
Xom
Yredelemnul
Zin
The Shining One

Shops:
D:3 (   D:4 ?(!

Annotations:
D:7 1 runed translucent door, cjg1290's ghost, novice HOFi


Innate Abilities, Weirdness & Mutations

You are completely covered in rugged brown scales. (AC +3, +7% HP)
Armour fits poorly on your strangely shaped body.
You have a long armoured tail.
You roll when moving toward enemies. (Rampage)
Your long tongue fully drains potion bottles. (2x potion effects)
Your tongue gives you trouble enunciating. (1.5x scroll delay)


Message History

Casting: Volatile Blastmotes (dangerous; 8% risk of failure)
Confirm with . or Enter, or press ? or * to list all spells.
You miscast Volatile Blastmotes.
You are very lightly contaminated with residual magic.
Nothing appears to happen.
Casting: Volatile Blastmotes (dangerous; 8% risk of failure)
Confirm with . or Enter, or press ? or * to list all spells.
A cloud of volatile blastmotes flares up around you!
The two-headed ogre hits you with a +0 giant spiked club!!
The two-headed ogre hits you with a +0 giant spiked club!
* * * LOW HITPOINT WARNING * * *
The cloud of blastmotes explodes!
The concussive blast engulfs the two-headed ogre!
The two-headed ogre is almost dead.
The concussive blast engulfs you but does no damage.
You are knocked back by the blast.
Things that are here:
a +1 animal skin; a +0 glaive
Items here: ))))) [[[.
Your magical contamination has completely faded away.
Casting: Volatile Blastmotes (dangerous; 8% risk of failure)
Confirm with . or Enter, or press ? or * to list all spells.
A cloud of volatile blastmotes flares up around you!
The two-headed ogre attacks as you move away!
The two-headed ogre hits you with a +0 giant spiked club!!
* * * LOW HITPOINT WARNING * * *
The two-headed ogre closely misses you.
The cloud of blastmotes explodes!
The concussive blast engulfs the two-headed ogre!
The two-headed ogre is almost dead.
A centaur comes into view.
Unknown command.
As you slowly read the scroll of teleportation, it crumbles to dust.
You feel strangely unstable.
The centaur wields a +0 shortbow.
The centaur shoots an arrow.
The arrow hits you!
* * * LOW HITPOINT WARNING * * *
The centaur shoots an arrow.
The arrow hits you.
* * * LOW HITPOINT WARNING * * *
The two-headed ogre hits you with a +0 giant spiked club!!
You die...

.............# #..........
.............##########.....#####
#####.......................#
#......######...........#
#####......# #.....c.....#
#.........## ##..........#
#.........# #..#####...#
#.........########..#...#...#
#..............O@...#...#...#
#.########.....######...#...#
#.#......#.....#........#
#.#......#.....#........# .......
#.#......#..##'#........# .......
#.#......#..#...........# .......
#.#......#..#...........###......
#.#......#..'.............#......
#.######'#..#.............#.....#


You could see a two-headed ogre and a centaur.

Vanquished Creatures
  A hornet (D:8)
  3 yaks (D:9)
  Grum (D:9)
  A wyvern (D:8)
  2 steam dragons
  5 water moccasins
  2 orc warriors (D:9)
  A sky beast (D:6)
  A black bear (D:6)
  An ogre (D:4)
  4 wolves (D:9)
  2 phantoms
  6 bullfrogs
  2 scorpions
  A gnoll sergeant (D:8)
  13 wights
  A howler monkey (D:8)
  2 hounds
  2 gnoll boudas
  4 orc priests
  A sleepcap (D:5)
  Jessica (D:2)
  9 iguanas
  Terence (D:2)
  6 orc wizards
  16 gnolls
  6 adders
  2 shadow imps
  5 white imps
  3 worms
  2 dart slugs
  19 orcs
  7 ball pythons
  5 endoplasms
  4 giant cockroaches
  4 goblins
  4 hobgoblins
  7 jackals
  5 kobolds
  5 quokkas
  8 bats
  2 frilled lizards (D:1)
  5 rats
182 creatures vanquished.

Vanquished Creatures (collateral kills)
  A kobold (D:4)
1 creature vanquished.

Grand Total: 183 creatures vanquished

Notes
Turn   | Place    | Note
-------+----------+-------------------------------------------
     0 | D:1      | cdecastro the Armataur Warper began the quest for the Orb.
     0 | D:1      | Reached XP level 1. HP: 18/18 MP: 3/3
   134 | D:1      | Reached XP level 2. HP: 25/25 MP: 4/4
   647 | D:1      | Learned a level 2 spell: Blink
   723 | D:2      | Reached XP level 3. HP: 31/31 MP: 5/5
  1013 | D:2      | Noticed Jessica
  1017 | D:2      | Killed Jessica
  1018 | D:2      | Reached skill level 5 in Translocations
  1018 | D:2      | Reached XP level 4. HP: 38/38 MP: 6/6
  1022 | D:2      | Learned a level 3 spell: Teleport Other
  1129 | D:2      | Noticed Terence
  1699 | D:3      | Found Dyhimnorr's Antique Weapon Boutique.
  2091 | D:4      | Reached XP level 5. HP: 43/43 MP: 7/7
  2348 | D:4      | Found Zukoloc's Distillery.
  2349 | D:4      | Found Wamooneq's Magic Scroll Boutique.
  2349 | D:4      | Found Foytupni's Weapon Emporium.
  2364 | D:4      | Bought a scroll of poison for 52 gold pieces
  2364 | D:4      | Bought a scroll of teleportation for 39 gold pieces
  2369 | D:4      | Bought a potion of curing for 36 gold pieces
  2430 | D:4      | Noticed an ogre
  2472 | D:5      | Entered Level 5 of the Dungeon
  2518 | D:5      | Reached XP level 6. HP: 31/51 MP: 8/8
  2821 | D:5      | Found a sparkling altar of Nemelex Xobeh.
  3490 | D:5      | Reached XP level 7. HP: 54/56 MP: 9/9
  3586 | D:5      | Identified the -1 cloak of Shielding {rPois Str+3 Dex-2}
  3673 | D:5      | Learned a level 4 spell: Manifold Assault
  4267 | D:6      | Reached XP level 8. HP: 46/64 MP: 10/10
  4288 | D:6      | Reached skill level 10 in Translocations
  4855 | D:2      | Killed Terence
  6326 | D:6      | Reached skill level 5 in Maces & Flails
  6573 | D:7      | Found a staircase to the Ecumenical Temple.
  6651 | Temple   | Entered the Ecumenical Temple
  7013 | Temple   | Became a worshipper of Warmaster Okawaru
  7060 | D:7      | Found a stormy altar of Qazlal.
  7647 | D:7      | Found a glowing golden altar of the Shining One.
  7788 | D:7      | Reached XP level 9. HP: 63/71 MP: 4/11
  7981 | D:7      | Found a runed translucent door.
  7982 | D:7      | Noticed cjg1290's ghost (novice HOFi)
  8349 | D:8      | Reached * piety under Okawaru
  9347 | D:8      | Reached ** piety under Okawaru
 10271 | D:9      | Reached skill level 10 in Maces & Flails
 10274 | D:9      | Reached XP level 10. HP: 48/78 MP: 4/13
 10478 | D:9      | Learned a level 3 spell: Vhi's Electric Charge
 10521 | D:9      | Noticed a two-headed ogre
 10565 | D:9      | Noticed Grum
 10582 | D:9      | Killed Grum
 10614 | D:9      | Reached *** piety under Okawaru
 10862 | D:9      | Learned a level 3 spell: Volatile Blastmotes
 11054 | D:9      | Noticed a two-headed ogre
 11404 | D:9      | Mangled by a two-headed ogre

Illustrated notes

Levels and vault maps discovered:
D:1:      lemuel_arrival_cross, layout_loops_ring
D:2:      layout_basic, uniq_jessica, uniq_terence
D:3:      layout_basic, serial_shops, nicolae_shop_hallway_plus,
          serial_bayou_pond_c, amcnicky_mini_corridor_feature
D:4:      layout_rooms, hangedman_abyss_or_decor_stagger,
          nicolae_wooded_promenade
D:5:      layout_loops_ring, mainiacjoe_overflow_boulevard, grunt_tough_drop
D:6:      layout_rooms
D:7:      layout_basic, kennysheep_little_box, kennysheep_mini,
          minmay_temple_entry_overgrown, hellmonk_ghost_happy_afterlife,
          kennysheep_crisscross, minivault_25, bh_walls_and_bars
D:8:      layout_basic
D:9:      layout_irregular_city, slow_altar_2, uniq_grum
Temple:   dpeg_five_rooms_temple

Skill      XL: |  1  2  3  4  5  6  7  8  9 10 |
---------------+-------------------------------+-----
Translocations | 4 5 6 8 9 10 | 10.0
Maces & Flails | 6 10 | 10.0
Spellcasting   | 2 4 |  4.8
Fighting       | |  1.7
Throwing       | |  0.8
Armour         | |  1.2
Dodging        | |  1.3

Action                     |  1- 3 |  4- 6 |  7- 9 | 10-12 || total
---------------------------+-------+-------+-------+-------++-------
  Melee: Mace              |   126 |   223 |   317 |       ||   666
         Tailslap          |    12 |    28 |    35 |    10 ||    85
         Punch             |       |     1 |     1 |       ||     2
         Morningstar       |       |       |   200 |   119 ||   319
  Throw: Dart              |       |       |     4 |     5 ||     9
   Cast: Teleport Other    |       |     1 |     6 |     4 ||    11
         Manifold Assault  |       |       |    61 |     9 ||    70
         Volatile Blastmot |       |       |       |     8 ||     8
         Vhi's Electric Ch |       |       |       |     1 ||     1
    Use: Scroll            |       |     7 |       |     1 ||     8
         Potion            |       |       |     2 |     2 ||     4
 Armour: Leather armour    |    65 |    92 |   170 |    21 ||   348
         Skin              |       |       |    17 |    21 ||    38
  Dodge: Dodged            |   106 |   174 |   337 |    59 ||   676
